 Dungeon Crawl Stone Soup version 0.31-a0-408-gb642c7f9a3 (webtiles) character file.

Game seed: 8176996094549872335

2655 Gelion the Mimic (level 9, 0/70 HPs)
             Began as an Octopode Shapeshifter on July 29, 2023.
             Succumbed to a green ugly thing's poison
             ... on level 7 of the Dungeon.
             The game lasted 00:11:02 (5016 turns).

Gelion the Mimic (Octopode Shapeshifter)            Turns: 5016, Time: 00:11:02

Health: 0/70       AC:  9    Str: 19    XL:     9   Next: 62%
Magic:  9/9        EV: 10    Int: 17    God:
Gold:   347        SH:  0    Dex: 22    Spells: 8/8 levels left

rFire   . . .        c - melded +3 dagger (protect)
rCold   + . .        (shield currently unavailable)
rNeg    . . .        (helmet currently unavailable)
rPois   .            d - amulet of the acrobat
rElec   .            j - +6 ring of dexterity
rCorr   .            m - ring of protection from cold
SInv    .            v - +6 ring of intelligence
Will    .....        (no ring)
Stlth   ++           (no ring)
HPRegen 0.31/turn    (no ring)
MPRegen 0.11/turn    (no ring)
                     (no ring)

%: acrobat
@: lethally poisoned (0 -> -46), snake-form
A: constrict, boosted hp, almost no armour, amphibious, 8 rings, large,
(camouflage 1), (gelatinous body 1), (nimble swimmer 1), (tentacles)
a: Begin Untransformation


You were on level 7 of the Dungeon.
You were an enormous anaconda.
You visited 1 branch of the dungeon, and saw 7 of its levels.
You also visited: Sewer.

You collected 347 gold pieces.

Inventory:

Hand Weapons
 c - a +3 dagger of protection (melded)
Armour
 f - a +0 hat
Jewellery
 d - an amulet of the acrobat (around neck)
 j - a +6 ring of dexterity (left tentacle)
 m - a ring of protection from cold (right tentacle)
 v - a +6 ring of intelligence (on tentacle)
Talismans
 w - a serpent talisman
Scrolls
 g - 2 scrolls of fog
 i - 3 scrolls of teleportation
 q - 2 scrolls of blinking
 r - 2 scrolls of revelation
Potions
 a - 3 potions of lignification
 h - 2 potions of attraction
 k - a potion of magic {unknown}
 l - a potion of haste {unknown}
 n - 2 potions of curing
 p - 2 potions of heal wounds
 t - 2 potions of resistance
 x - 2 potions of might {unknown}


   Skills:
 + Level 6.4 Fighting
 - Level 2.0 Dodging
 + Level 7.0 Unarmed Combat
 * Level 8.2 Shapeshifting


You had 8 spell levels left.
You didn't know any spells.
Your spell library was empty.

Dungeon Overview and Level Annotations

Branches:
Dungeon (7/15)              Sewer (visited)
 Temple: D:4-7

Altars:
Dithmenos
Fedhas
Kikubaaqudgha
Nemelex Xobeh


Innate Abilities, Weirdness & Mutations

You are an enormous anaconda.
You have a powerful constriction melee attack.
Your maximum health is increased.
Your armour is entirely melded.
You are incapable of wielding weapons or throwing items.
You cannot wear most types of armour.
You are amphibious.
You can wear up to eight rings at the same time.
((Your skin changes colour to match your surroundings (Stealth+).))
((Your rubbery body absorbs attacks. (AC +1, EV +1)))
((You are camouflaged when in or above water. (Stealth+)))
((You have tentacles for arms and can constrict up to eight enemies at once.))


Message History

Your +3 dagger of protection goes still.
The water moccasin bites you.
* * * LOW HITPOINT WARNING * * *
You are poisoned.
The water moccasin poisons you!
The green ugly thing gores you but does no damage.
The water moccasin barely misses you.
You feel much better.
You feel very sick.
An orc comes into view. It is wielding a +0 falchion.
The green ugly thing barely misses you. The water moccasin misses you.
Unknown command.
You closely miss the green ugly thing.
The orc shouts!
You grab the green ugly thing.
The green ugly thing is moderately wounded.
You constrict the green ugly thing.
You feel sick.
You hear an angry hiss.
The water moccasin bites you. The green ugly thing gores you!
* * * LOW HITPOINT WARNING * * *
You lash the green ugly thing!
The green ugly thing is heavily wounded.
You constrict the green ugly thing.
You feel sick. The water moccasin closely misses you.
The green ugly thing gores you but does no damage.
Unknown command.
You barely miss the green ugly thing.
The green ugly thing is heavily wounded.
You constrict the green ugly thing.
You feel sick. The water moccasin bites you.
* * * LOW HITPOINT WARNING * * *
You are lethally poisoned!
The water moccasin poisons you! The green ugly thing gores you.
* * * LOW HITPOINT WARNING * * *
You are more poisoned.
The green ugly thing poisons you! The water moccasin closely misses you.
You hit the green ugly thing but do no damage.
The green ugly thing is severely wounded.
You constrict the green ugly thing.
You die...

##..##.....#
..##...#.## .
####.#...##..###.#
.#....#.........#.##
........#..........#
........###.##....
......#.######..# #
........#.###...#....
.............SS......
#####.........u..o...
#.................
#..................
#..####......$..##.
### #........##
.....?.....
##.........#
#..........


You could see a green ugly thing, a water moccasin and an orc.

Vanquished Creatures
  Menkaure (D:7)
  2 water moccasins
  2 orc warriors
  3 black bears
  4 ogres (D:5)
  2 centaurs
  A phantom (D:6)
  A kobold brigand (Sewer)
  A bullfrog (D:7)
  4 scorpions
  A howler monkey (D:7)
  A jelly (D:7)
  7 hounds
  A gnoll bouda (D:6)
  2 orc priests (D:6)
  5 iguanas
  4 orc wizards
  7 gnolls
  8 adders
  6 river rats
  3 worms
  3 dart slugs
  12 orcs
  11 bats
  12 endoplasms
  7 giant cockroaches
  7 goblins
  8 hobgoblins
  10 jackals
  8 quokkas
  20 ball pythons
  3 frilled lizards
  10 kobolds
  10 rats
187 creatures vanquished.

Notes
Turn   | Place    | Note
-------+----------+-------------------------------------------
     0 | D:1      | Gelion the Octopode Shapeshifter began the quest for the
                  | Orb.
     0 | D:1      | Reached XP level 1. HP: 13/13 MP: 1/1
   126 | D:1      | Reached XP level 2. HP: 18/18 MP: 2/2
   264 | D:1      | Reached XP level 3. HP: 23/23 MP: 3/3
   575 | D:2      | Reached XP level 4. HP: 29/29 MP: 4/4
   968 | D:2      | Reached skill level 4 in Shapeshifting
  1157 | D:3      | Reached XP level 5. HP: 35/35 MP: 5/5
  1901 | D:4      | Found a glowing drain.
  1928 | Sewer    | Entered a sewer
  2039 | Sewer    | Reached XP level 6. HP: 37/41 MP: 6/6
  2595 | D:4      | Noticed an orc warrior
  2613 | D:4      | Killed an orc warrior
  2614 | D:4      | Reached skill level 5 in Shapeshifting
  2616 | D:4      | Reached XP level 7. HP: 16/46 MP: 7/7
  2793 | D:4      | Identified the +0 leather armour of Negligence {rF+}
  3165 | D:5      | Entered Level 5 of the Dungeon
  3194 | D:5      | Reached skill level 5 in Unarmed Combat
  3358 | D:5      | Found a sparkling altar of Nemelex Xobeh.
  3383 | D:5      | Reached skill level 6 in Shapeshifting
  3383 | D:5      | Reached XP level 8. HP: 50/54 MP: 8/8
  3663 | D:5      | Reached skill level 5 in Fighting
  3851 | D:5      | Reached skill level 7 in Shapeshifting
  3877 | D:5      | Found a shadowy altar of Dithmenos.
  3877 | D:5      | Found an ancient bone altar of Kikubaaqudgha.
  4239 | D:6      | Reached XP level 9. HP: 61/61 MP: 9/9
  4487 | D:6      | Found a blossoming altar of Fedhas.
  4855 | D:7      | Noticed Menkaure
  4861 | D:7      | Killed Menkaure
  4862 | D:7      | Reached skill level 8 in Shapeshifting
  4986 | D:7      | Noticed a green ugly thing
  5016 | D:7      | Succumbed to a green ugly thing's poison

Illustrated notes

Levels and vault maps discovered:
D:1:      lightli_arrival_noodles, layout_rooms, minmay_misc_feat_four_crosses
D:2:      minmay_spotlight, layout_rooms, grunt_decor_cap, st_stairs_11,
          minmay_circle_x
D:3:      layout_loops_ring, bh_walls_and_bars
D:4:      layout_cave_pools, portal_sewer_entry_b
D:5:      layout_rooms, nemelex_spade_bored_becter,
          amethyst_overflow_temple_binary, minivault_27
D:6:      layout_basic, fedhas_altar_fruit_tree
D:7:      layout_cave_pools, chequers_temple_overflow_statue_of_worship,
          minmay_temple_entry_nine_rooms, uniq_menkaure

Skill      XL: |  1  2  3  4  5  6  7  8  9 |
---------------+----------------------------+-----
Fighting       | 2 3 4 5 6 |  6.4
Shapeshifting  | 4 5 6 7 8 |  8.2
Unarmed Combat | 4 5 6 7 |  7.0
Dodging        | |  2.0

Action                     |  1- 3 |  4- 6 |  7- 9 || total
---------------------------+-------+-------+-------++-------
  Melee: Unarmed           |     8 |       |    63 ||    71
         Tentacles         |     9 |    38 |    31 ||    78
         Constrict         |    21 |    46 |    44 ||   111
         Dagger            |    61 |   164 |   133 ||   358
         Punch             |       |     8 |    10 ||    18
    Use: Scroll            |     2 |     1 |    11 ||    14
         Potion            |       |       |     3 ||     3
   Stab: Sleeping          |     3 |    13 |     7 ||    23
         Distracted        |       |       |     1 ||     1
 Armour: Skin              |    13 |    34 |    77 ||   124
  Dodge: Dodged            |    49 |    98 |   107 ||   254
   Form: Anaconda          |       |       |     1 ||     1

Table legend: (Time is in decaauts)
 A = Elapsed time spent in this place.
 B = Non-inter-level travel time spent in this place.
 C = Inter-level travel time spent in this place.
 D = Time resting spent in this place.
 E = Time spent auto-exploring this place.
 F = Levels seen in this place.
 G = Mean time per level.
                   A        B        C        D        E       F      G
               +--------+--------+--------+--------+--------+-----+--------+
         Total |   5003 |   4868 |    135 |     47 |   3631 |   8 |  625.4 |
       Dungeon |   4364 |   4229 |    135 |     47 |   3256 |   7 |  623.4 |
         Sewer |    638 |    638 |      0 |      0 |    375 |   1 |  638.0 |
               +--------+--------+--------+--------+--------+-----+--------+

Top non-repeatable levels by time:
     D:5: 852 daAuts
     D:6: 830 daAuts
     D:3: 816 daAuts
     D:4: 643 daAuts
   Sewer: 638 daAuts
     D:1: 551 daAuts
     D:2: 511 daAuts
     D:7: 158 daAuts
